 Dungeon Crawl Stone Soup version 0.23.0-3-gf3c87f2 (webtiles) character file.

Game seed: 2702041427046876251

48 Dalidon the Ducker (level 3, -2/36 HPs)
             Began as a Troll Fighter on Feb 20, 2019.
             Slain by an ogre
             ... wielding a +0 giant club
              (17 damage)
             ... on level 4 of the Dungeon.
             The game lasted 00:06:13 (689 turns).

Dalidon the Ducker (Troll Fighter)                   Turns: 689, Time: 00:06:13

Health: -2/36      AC:  6    Str: 24    XL:     3   Next: 50%
Magic:  2/2        EV:  8    Int:  5    God:
Gold:   14         SH:  8    Dex:  9    Spells: 2/2 levels left

rFire    . . .     SeeInvis .   q - +0 short sword
rCold    . . .     Gourm    +   c - +0 shield
rNeg     . . .     Faith    .   b - +0 robe
rPois    .         Spirit   .   (helmet restricted)
rElec    .         Reflect  .   (no cloak)
rCorr    .         Harm     .   (gloves unavailable)
MR       .....                  (boots unavailable)
Stlth    +.........             (no amulet)
HPRegen  0.52/turn              (no ring)
MPRegen  0.08/turn              (no ring)

@: no status effects
A: large, unfitting armour, claws 3, fast metabolism 3, gourmand, regeneration
1, shaggy fur 1, tough skin 3
a: no special abilities


You were on level 4 of the Dungeon.
You were very full.

You visited 1 branch of the dungeon, and saw 4 of its levels.

You collected 14 gold pieces.

Inventory:

Hand Weapons
 a - a +0 rapier
 e - a +0 dagger
 g - a +0 dagger
 m - a +0 club
 q - a +0 short sword (weapon)
Missiles
 h - 5 curare-tipped needles
 j - 23 sling bullets
 k - 3 stones (quivered)
Armour
 b - a +0 robe (worn)
 c - a +0 shield (worn)
 l - a cursed +0 robe
 p - a +0 leather armour
 s - a +0 ring mail
Scrolls
 i - a scroll of amnesia {unknown}
 n - a scroll of remove curse {unknown}
 o - a scroll of fear {unknown}
 r - a scroll of enchant weapon {unknown}
Potions
 d - a potion of might
 t - a potion of degeneration {unknown}
Comestibles
 f - 3 rations


   Skills:
 + Level 2.6 Fighting
 + Level 1.9 Short Blades
 + Level 3.2 Dodging
 + Level 2.6 Shields


You had 2 spell levels left.
You didn't know any spells.
Your spell library contained the following spells:

 Spells                   Type           Power        Failure   Level  Hunger
 Corona                   Hex            #......      91%         1    ##.....
 Ensorcelled Hibernation  Hex/Ice        #.....       97%         2    ###....
 Confuse                  Hex            #.......     99%         3    ####...
 Dazzling Spray           Conj/Hex       #.....       99%         3    ####...
 Tukima's Dance           Hex            #.......     99%         3    ####...


Dungeon Overview and Level Annotations

Branches:
Dungeon (4/15)
 Temple: D:4-7

Altars:


Innate Abilities, Weirdness & Mutations

You are too large for most types of armour.
You have claws for hands.
Your metabolism is lightning-fast.
You like to eat raw meat.
Your natural rate of healing is unusually fast.
You are covered in fur. (AC +1)
You have extremely tough skin. (AC +3)


Message History

There is a stone staircase leading down here.
f - 3 rations (gained 1)
There is a stone staircase leading down here.
t - a sapphire potion
There is a stone staircase leading down here.
You climb downwards.
There is a stone staircase leading up here.
You open the door.
There is an open door here.
You open the door.
There is an open door here.
An ogre comes into view. It is wielding a +0 giant club.
The ogre shouts!
Found 12 gold pieces.
You see here 12 gold pieces.
You see here 12 gold pieces.
The ogre hits you with a +0 giant club!!
Ouch! That really hurt!
The ogre hits you with a +0 giant club!
You die...

#########
#.......#
##########.......#
#.<......'.......#
##########.......#
######'## #.#
######@# #...$O.#
#......# #......#
#......# #......#
#......# #......#
######.#


You could see an ogre.

Vanquished Creatures
  An adder (D:3)
  3 worms
  A dart slug (D:1)
  2 leopard geckos
  3 bats
  3 giant cockroaches
  2 goblins (D:1)
  2 hobgoblins (D:2)
  3 kobolds
  A ball python (D:2)
  3 frilled lizards
  3 rats (D:2)
27 creatures vanquished.

Notes
Turn   | Place    | Note
-------+----------+-------------------------------------------
     0 | D:1      | Dalidon the Troll Fighter began the quest for the Orb.
     0 | D:1      | Reached XP level 1. HP: 22/22 MP: 0/0
   101 | D:1      | Reached XP level 2. HP: 28/29 MP: 1/1
   349 | D:2      | Reached skill level 3 in Dodging
   378 | D:2      | Reached XP level 3. HP: 36/36 MP: 2/2
   681 | D:4      | Noticed an ogre
   689 | D:4      | Slain by an ogre

Skill      XL: |  1  2 |
---------------+-------+-----
Dodging        | 3 |  3.2
Fighting       | |  2.6
Short Blades   | |  1.9
Shields        | |  2.6

Action                   || total
-------------------------++-------
Melee: Rapier            ||   116
  Eat: Chunk             ||    11
Armor: Robe              ||    51
Dodge: Dodged            ||    44
Block: Shield            ||    51
